 Dungeon Crawl Stone Soup version 0.29.1-1-gd02db6906a (webtiles) character file.

Game seed: 15834112561911424023

27 Sayani the Chopper (level 2, -5/26 HPs)
             Began as a Draconian Berserker on Oct 5, 2022.
             Was a Follower of Trog.
             Slain by Robin
             ... wielding a +0 trident
              (6 damage)
             ... on level 2 of the Dungeon.
             The game lasted 00:01:54 (998 turns).

Sayani the Chopper (Draconian Berserker)             Turns: 998, Time: 00:01:55

Health: -5/26      AC:  4    Str: 19    XL:     2   Next: 93%
Magic:  2/2        EV: 12    Int:  7    God:    Trog [*.....]
Gold:   88         SH:  0    Dex: 10    Spells: 1/1 levels left

rFire   . . .      SeeInvis .   a - +0 hand axe
rCold   . . .      Faith    .   (no shield)
rNeg    . . .      Spirit   .   (body armour unavailable)
rPois   .          Reflect  .   (helmet restricted)
rElec   .          Harm     .   (no cloak)
rCorr   .          Rampage  .   (no gloves)
Will    .....                   (no boots)
Stlth   +.........              (no amulet)
HPRegen 0.08/turn               (no ring)
MPRegen 0.08/turn               (no ring)

@: no status effects
A: AC +4, unfitting armour, cold-blooded
a: Renounce Religion, Berserk


You were on level 2 of the Dungeon.
You worshipped Trog.
Trog was aware of your devotion.
You visited 1 branch of the dungeon, and saw 2 of its levels.

You collected 88 gold pieces.

Inventory:

Hand Weapons
 a - a +0 hand axe (weapon)
Wands
 j - a wand of roots (12)
Scrolls
 e - a scroll of enchant weapon {unknown}
 i - 2 scrolls of identify {unknown}
 k - a scroll of fear {unknown}
 l - a scroll of immolation {unknown}
Potions
 b - a potion of might {unknown}
 c - a potion of lignification {unknown}
 d - a potion of curing {unknown}
 f - 2 potions of resistance {unknown}
 g - a potion of heal wounds {unknown}
 h - a potion of cancellation {unknown}


   Skills:
 - Level 3.2 Fighting
 * Level 4.1 Axes
 - Level 2.6 Dodging


You had one spell level left.
You didn't know any spells.
Your spell library was empty.

Dungeon Overview and Level Annotations

Branches:
Dungeon (2/15)

Altars:

Annotations:
D:2 Robin


Innate Abilities, Weirdness & Mutations

Your plain brown scales are hard. (AC +4)
You cannot fit into any form of body armour.
You are cold-blooded and may be slowed by cold attacks.


Message History

You hit the goblin.
You kill the goblin!
Trog accepts your kill.
You see here a +0 club.
A hobgoblin and 2 goblins come into view.
The goblin shouts!
You hear a shout! x2
A hobgoblin comes into view.
Robin of the Strong Arm comes into view.
They are wielding a +0 trident.
There are monsters nearby!
There are monsters nearby!
There are monsters nearby!
The goblin unwields a +0 dagger.
The goblin wields a +0 sling.
The goblin shoots a sling bullet.
The sling bullet hits you.
The goblin shoots a sling bullet.
The sling bullet barely misses you. The goblin hits you but does no damage.
You slash the goblin!
You kill the goblin!
Trog accepts your kill. Robin barely misses you.
Things that are here:
a +0 club; a scroll labelled OFOKEADAIDU; a goblin corpse Robin attacks as you move away!
Robin hits you with a +0 trident.
Robin hits you from afar with a +0 trident!
A goblin comes into view. It is wielding a +0 club.
The hobgoblin hits you but does no damage.
Robin barely misses you.
Things that are here:
a +0 club; a scroll labelled OFOKEADAIDU; a goblin corpse You hit Robin.
Robin is lightly wounded.
You hit the hobgoblin but do no damage.
The hobgoblin hits you but does no damage.
Robin hits you with a +0 trident.
* * * LOW HITPOINT WARNING * * *
You barely miss Robin.
Robin is lightly wounded.
You hit the hobgoblin. The hobgoblin hits you.
* * * LOW HITPOINT WARNING * * *
Robin hits you with a +0 trident.
You die...

.... #.......(...#.# g...
#.........###.# .... #.........#
#.# #.g. #.........# #.# #.#.####
#############'#######
#......###### #............#
#...........###### #............#
#...........ggggg# #............#
#...........####@# #[......)....#
#...........## #.###............#
#............###..#.............#
#............#....#.............#
############.#.##.#.............#
#.#.##...............#
#.#.##>##............#
#####.#.##################
#.....#)#


You could see Robin, 2 hobgoblins and 2 goblins.

Vanquished Creatures
  A dart slug (D:1)
  A bat (D:1)
  3 endoplasms (D:1)
  A giant cockroach (D:1)
  4 goblins (D:2)
  A hobgoblin (D:1)
  4 jackals (D:1)
  4 kobolds
  A rat (D:1)
20 creatures vanquished.

Notes
Turn   | Place    | Note
-------+----------+-------------------------------------------
     0 | D:1      | Sayani the Draconian Berserker began the quest for the Orb.
     0 | D:1      | Reached XP level 1. HP: 19/19 MP: 1/1
   397 | D:1      | Reached XP level 2. HP: 26/26 MP: 2/2
   542 | D:1      | Found a faded altar of an unknown god.
   768 | D:2      | Reached skill level 4 in Axes
   974 | D:2      | Noticed Robin
   998 | D:2      | HP: 1/26 [hobgoblin[Robin] (3)]
   998 | D:2      | Slain by Robin

Illustrated notes

Levels and vault maps discovered:
D:1:      zaba_arrival_water, layout_rooms, hellmonk_ecumenical_altar_run_dry,
          minmay_pentomino_t4
D:2:      layout_basic, uniq_robin

Skill      XL: |  1  2 |
---------------+-------+-----
Axes           | 4 |  4.1
Fighting       | |  3.2
Dodging        | |  2.6

Action                   || total
-------------------------++-------
Melee: Hand axe          ||    49
       Tailslap          ||     8
Throw: Stone             ||    10
Armor: Skin              ||    21
Dodge: Dodged            ||    39
